 Dungeon Crawl Stone Soup version 0.19.1-1-g22dce08 (webtiles) character file.

9319 McKennaii the Thaumaturge (level 11, -1/66 HPs)
             Began as a High Elf Air Elementalist on Jan 7, 2017.
             Was a Priest of Sif Muna.
             Killed by divine providence
             ... invoked by an orc priest
             ... led by an orc high priest
              (14 damage)
             ... on level 1 of the Elven Halls on Jan 8, 2017.
             The game lasted 00:56:32 (10734 turns).

McKennaii the Thaumaturge (HEAE)                   Turns: 10734, Time: 00:56:32

Health: -1/66      AC:  8    Str: 12      XL:     11   Next: 21%
Magic:  27/27      EV: 17    Int: 26 (27) God:    Sif Muna [***...]
Gold:   846        SH:  4    Dex: 15      Spells: 5 memorised, 19 levels left

rFire  . . .     SeeInvis .     B - +1 scimitar (protect)
rCold  . . .     Gourm    .     S - +0 troll leather armour
rNeg   . . .     Faith    .     (no shield)
rPois  .         Spirit   .     (no helmet)
rElec  .         Reflect  .     r - +2 cloak {MR+}
rCorr  .         Harm     +     P - +0 pair of gloves
MR     ++...     Rnd*Tele +     (no boots)
Stlth  ++........               v - amulet of harm
                                i - ring of teleportation
                                u - +3 ring of evasion

@: mighty, brilliant, repel missiles
A: large bone plates 1, deterioration 1, dopey 1
a: Divine Energy, Channel Magic, Renounce Religion


You were on level 1 of the Elven Halls.
You worshipped Sif Muna.
Sif Muna was most pleased with you.
You were not hungry.

You visited 4 branches of the dungeon, and saw 14 of its levels.

You collected 942 gold pieces.
You spent 96 gold pieces at shops.

Inventory:

Hand Weapons
 B - a +1 scimitar of protection (weapon)
Armour
 r - a +2 cloak of magic resistance (worn)
 s - a +2 robe of cold resistance
 P - a +0 pair of gloves (worn)
 S - a +0 troll leather armour (worn)
Jewellery
 i - a ring of teleportation (right hand)
 k - a +2 ring of dexterity
 t - an uncursed ring of wizardry {unknown}
 u - a +3 ring of evasion (left hand)
 v - an amulet of harm (around neck)
 y - an uncursed ring of magical power
 A - a cursed ring of flight {unknown}
 H - an uncursed ring of poison resistance
Wands
 o - a wand of slowing (11/48)
 M - a wand of flame (21/48)
 N - a wand of slowing (20/48)
Scrolls
 d - 8 scrolls of identify
 e - 2 scrolls of remove curse
 l - a scroll of enchant weapon
 x - a scroll of magic mapping
 C - 2 scrolls of recharging
Potions
 g - 2 potions of lignification {unknown}
 h - 2 potions of agility {unknown}
 m - 2 potions of cure mutation {unknown}
 n - a potion of haste {unknown}
 p - 3 potions of flight
 q - 3 potions of mutation
 w - 3 potions of brilliance
 z - a potion of curing
 I - a potion of experience {unknown}
 J - a potion of magic {unknown}
 L - 3 potions of degeneration {unknown}
Books
 a - a book of Beasts

   Spells                             Type                      Level
   a - Summon Butterflies             Summoning                    1
   b - Call Canine Familiar           Summoning                    3
   c - Summon Ice Beast               Ice/Summoning                4
   d - Summon Mana Viper              Hexes/Summoning              5
   e - Summon Hydra                   Summoning                    7
 b - a book of Air

   Spells                             Type                      Level
   a - Shock                          Conjuration/Air              1
   b - Swiftness                      Charms/Air                   2
   c - Repel Missiles                 Charms/Air                   2
   d - Static Discharge               Conjuration/Air              3
   e - Lightning Bolt                 Conjuration/Air              5
 O - a book of Misfortune

   Spells                             Type                      Level
   a - Confusing Touch                Hexes                        1
   b - Confuse                        Hexes                        3
   c - Gell's Gravitas                Hexes/Translocation          3
   d - Petrify                        Transmutation/Earth          4
   e - Metabolic Englaciation         Hexes/Ice                    5
   f - Yara's Violent Unravelling     Hexes/Transmutation          5
Comestibles
 c - 5 bread rations
 f - 3 meat rations
 K - 16 fruits


   Skills:
 + Level 2.6 Fighting
 + Level 4.5 Long Blades
 + Level 2.6 Armour
 + Level 5.2 Dodging
 + Level 4.0 Stealth
 + Level 1.0 Unarmed Combat
 + Level 11.2 Spellcasting
 + Level 9.3 Conjurations
 + Level 10.6 Air Magic


You had 19 spell levels left.
You knew the following spells:

 Your Spells              Type           Power        Failure   Level  Hunger
a - Shock                 Conj/Air       ####         1%          1    None
b - Swiftness             Chrm/Air       ######..     1%          2    None
c - Repel Missiles        Chrm/Air       ######       1%          2    None
d - Static Discharge      Conj/Air       ######..     1%          3    None
e - Lightning Bolt        Conj/Air       ######....   1%          5    ###....


Dungeon Overview and Level Annotations

Branches:
Dungeon (10/15)            Temple (1/1) D:7             Orc (2/2) D:9
    Elf (1/3) Orc:2
   Lair: D:8-11

Altars:
Ashenzari
Cheibriados
Dithmenos
Elyvilon
Fedhas
Gozag
Hepliaklqana
Kikubaaqudgha
Makhleb
Nemelex Xobeh
Okawaru
Qazlal
Ru
Sif Muna
Trog
Uskayaw
Vehumet
Xom
Yredelemnul
Zin
The Shining One

Shops:
D:6 *   D:10 %

Annotations:
D:10 Sonja


Innate Abilities, Weirdness & Mutations

You are partially covered in large bone plates. (SH +4)
Your body sometimes deteriorates upon taking damage.
You are dopey. (Int -2)


Message History

You feel slightly jumpy.
i - a ring of teleportation (right hand)
You feel better.
The short sword of venom hits you but does no damage.
You are poisoned.
The short sword of venom hits you.
* * * LOW HITPOINT WARNING * * *
You are more poisoned.
It was a potion of might.
You feel very mighty all of a sudden.
You feel sick. The short sword of venom hits you.
* * * LOW HITPOINT WARNING * * *
You are more poisoned.
You block the short sword of venom's attack.
The deep elf knight hits you but does no damage.
You feel better.
You block the short sword of venom's attack.
The orc priest invokes the aid of Beogh against you.
Beogh smites you!
You die...

#.....#..........o).
####....#.........#####
................
##..............
#.............[.
##.......#.....
##..o..## ..# #.#.(e##
# # ##@## #### #.# ##


You could see a deep elf knight, a short sword of venom and an orc priest.

Vanquished Creatures
  The ghost of senny the Blocker, a novice FoFi of Okawaru (D:9)
  An unseen horror (D:10)
  2 deep elf magi (Elf:1)
  A hill giant (D:10)
  2 orc sorcerers
  Joseph (D:8)
  3 trolls (D:10)
  Grinder (D:3)
  Sigmund (D:3)
  2 wargs (D:9)
  Menkaure (D:4)
  7 orc warriors
  2 phantoms
  A sky beast (D:9)
  4 ogres
  A necrophage (D:7)
  2 centaurs
  2 big kobolds
  2 bullfrogs
  5 scorpions
  A wyvern skeleton (D:9)
  2 water moccasin skeletons (D:9)
  6 killer bees
  3 wights (D:6)
  7 howler monkeys
  4 crimson imps
  A bullfrog skeleton (D:6)
  6 hounds
  A jelly (D:5)
  6 orc priests
  Crazy Yiuf (D:3)
  Natasha (thrice) (D:3)
  4 iguanas
  11 orc wizards
  4 worker ants
  A killer bee zombie (D:9)
  5 hound skeletons
  Robin (D:3)
  3 gnolls (D:2)
  12 adders
  2 shadow imps
  2 oozes
  4 adder skeletons
  2 adder zombies
  A worm (D:6)
  3 dart slugs
  7 leopard geckos
  47 orcs
  4 giant cockroaches
  11 goblins
  9 hobgoblins
  2 jackals (D:3)
  18 kobolds
  8 quokkas
  8 bats
  5 frilled lizards
  5 rats
  A fungus (D:3)
263 creatures vanquished.

Notes
Turn   | Place    | Note
-------+----------+-------------------------------------------
     0 | D:1      | McKennaii the High Elf Air Elementalist began the quest for the Orb.
     0 | D:1      | Reached XP level 1. HP: 11/11 MP: 4/4
   501 | D:1      | Reached XP level 2. HP: 17/17 MP: 0/6
   505 | D:1      | Learned a level 2 spell: Swiftness
   508 | D:1      | Learned a level 2 spell: Repel Missiles
  1068 | D:2      | Reached XP level 3. HP: 14/21 MP: 0/8
  1152 | D:2      | Reached skill level 3 in Spellcasting
  1596 | D:2      | Reached XP level 4. HP: 27/27 MP: 0/10
  1643 | D:2      | Found a shimmering altar of Xom.
  1651 | D:2      | Found an iron altar of Okawaru.
  1651 | D:2      | Found a sparkling altar of Nemelex Xobeh.
  1654 | D:2      | Found a sparkling altar of Nemelex Xobeh.
  1654 | D:2      | Found a sacrificial altar of Ru.
  1654 | D:2      | Found a basalt altar of Yredelemnul.
  1734 | D:3      | Noticed Natasha
  1750 | D:3      | Killed Natasha
  1772 | D:3      | Reached skill level 4 in Spellcasting
  1798 | D:3      | Reached XP level 5. HP: 7/31 MP: 0/12
  1922 | D:3      | Noticed Natasha
  2153 | D:3      | Noticed Sigmund
  2170 | D:3      | Killed Sigmund
  2170 | D:3      | Reached skill level 5 in Air Magic
  2170 | D:3      | Reached XP level 6. HP: 6/36 MP: 0/14
  2460 | D:3      | Killed Natasha
  2479 | D:3      | Noticed Grinder
  2494 | D:3      | Killed Grinder
  2494 | D:3      | Reached skill level 1 in Unarmed Combat
  2494 | D:3      | Reached skill level 5 in Spellcasting
  2494 | D:3      | Reached XP level 7. HP: 22/42 MP: 6/16
  2702 | D:3      | Learned a level 3 spell: Static Discharge
  2708 | D:3      | Learned a level 5 spell: Lightning Bolt
  2766 | D:3      | Noticed Natasha
  2769 | D:3      | Killed Natasha
  2793 | D:3      | Noticed Robin
  3129 | D:3      | Killed Robin
  3474 | D:3      | Found a runed door.
  3492 | D:3      | Noticed Crazy Yiuf
  3497 | D:3      | Killed Crazy Yiuf
  3551 | D:4      | Reached skill level 1 in Fighting
  3587 | D:4      | Noticed Menkaure
  3594 | D:4      | Killed Menkaure
  3594 | D:4      | Reached skill level 6 in Spellcasting
  3869 | D:4      | Reached XP level 8. HP: 46/48 MP: 3/18
  4466 | D:5      | Entered Level 5 of the Dungeon
  5056 | D:6      | Reached skill level 7 in Spellcasting
  5068 | D:6      | Reached skill level 5 in Conjurations
  5152 | D:6      | Found Zicyhoos's Assorted Antiques.
  5174 | D:6      | Bought a scroll labeled VESOHE HEMAI for 24 gold pieces
  5174 | D:6      | Bought a scroll labeled MYSOYH PAESCH for 24 gold pieces
  5174 | D:6      | Bought a scroll labeled HIUWKE HEOSIUC for 24 gold pieces
  5174 | D:6      | Bought a scroll labeled ILAGIBBAORA for 24 gold pieces
  6200 | D:6      | Found a snail-covered altar of Cheibriados.
  6384 | D:7      | Found a staircase to the Ecumenical Temple.
  6389 | Temple   | Entered the Ecumenical Temple
  6424 | Temple   | Became a worshipper of Sif Muna the Loreminder
  6624 | D:7      | Reached skill level 1 in Long Blades
  6624 | D:7      | Reached skill level 8 in Spellcasting
  6800 | D:7      | Reached XP level 9. HP: 37/54 MP: 21/22
  7318 | D:8      | Reached * piety under Sif Muna
  7557 | D:8      | Noticed Joseph
  7565 | D:8      | Killed Joseph
  7565 | D:8      | Reached skill level 9 in Spellcasting
  8083 | D:9      | Noticed senny's ghost (novice FoFi)
  8092 | D:9      | Killed senny's ghost
  8092 | D:9      | Reached ** piety under Sif Muna
  8092 | D:9      | Reached skill level 10 in Spellcasting
  8092 | D:9      | Reached XP level 10. HP: 30/60 MP: 9/25
  8199 | D:9      | Found a shadowy altar of Dithmenos.
  8391 | D:9      | Found a staircase to the Orcish Mines.
  8666 | D:10     | Entered Level 10 of the Dungeon
  8777 | D:10     | Noticed a hill giant
  8778 | D:10     | Noticed Sonja
  8796 | D:10     | Killed a hill giant
  9186 | D:10     | Reached *** piety under Sif Muna
  9227 | D:10     | Learned a level 3 spell: Static Discharge
  9474 | D:10     | Killed an unseen horror
  9474 | D:10     | Reached skill level 1 in Armour
  9474 | D:10     | Reached skill level 10 in Air Magic
  9523 | D:10     | Found Emmihyew's Food Shoppe.
  9825 | Orc:1    | Entered Level 1 of the Orcish Mines
 10112 | Orc:1    | Reached skill level 5 in Dodging
 10175 | Orc:1    | Reached skill level 11 in Spellcasting
 10307 | Orc:2    | Entered Level 2 of the Orcish Mines
 10313 | Orc:2    | Found a staircase to the Elven Halls.
 10342 | Orc:2    | Noticed an orc sorcerer
 10346 | Orc:2    | Noticed an orc high priest
 10363 | Orc:1    | Killed an orc sorcerer
 10363 | Orc:1    | Reached XP level 11. HP: 49/65 MP: 6/27
 10499 | Elf:1    | Entered Level 1 of the Elven Halls
 10504 | Elf:1    | Noticed an orc sorcerer
 10632 | Elf:1    | Killed an orc sorcerer
 10660 | Elf:1    | Noticed a short sword of venom
 10660 | Elf:1    | Noticed a deep elf mage
 10664 | Elf:1    | Killed a deep elf mage
 10668 | Elf:1    | Noticed a deep elf mage
 10669 | Elf:1    | Killed a deep elf mage
 10673 | Elf:1    | Gained mutation: You are dopey. (Int -2) [potion of mutation]
 10673 | Elf:1    | Gained mutation: You are partially covered in large bone plates. (SH +4) [potion of mutation]
 10673 | Elf:1    | Gained mutation: Your body sometimes deteriorates upon taking damage. [potion of mutation]
 10673 | Elf:1    | HP: 3/66 [poisoned by a short sword of venom]
 10721 | Elf:1    | Noticed a deep elf knight
 10734 | Elf:1    | Killed from afar by an orc priest

Skill      XL: |  1  2  3  4  5  6  7  8  9 10 11 |
---------------+----------------------------------+-----
Air Magic      | 4 5 6 7 9 10 | 10.6
Spellcasting   | 3 4 5 6 8 10 11 | 11.2
Conjurations   | 3 4 6 7 9 |  9.3
Dodging        | 3 4 5 |  5.2
Unarmed Combat | 1 |  1.0
Fighting       | 1 2 |  2.6
Stealth        | 3 4 |  4.0
Long Blades    | 1 2 4 |  4.5
Armour         | 2 |  2.6

Action                   |  1- 3 |  4- 6 |  7- 9 | 10-12 || total
-------------------------+-------+-------+-------+-------++-------
Melee: Unarmed           |    36 |     9 |    16 |       ||    61
       Falchion          |       |       |     9 |       ||     9
       Punch             |       |       |     1 |       ||     1
       Scimitar          |       |       |     4 |    32 ||    36
 Cast: Shock             |    86 |    49 |   367 |   195 ||   697
       Repel Missiles    |     1 |       |     1 |       ||     2
       Lightning Bolt    |       |       |     2 |    16 ||    18
  Use: Potion            |       |     1 |     1 |     6 ||     8
       Scroll            |       |       |     4 |    19 ||    23
  Eat: Meat ration       |     1 |       |     1 |       ||     2
       Bread ration      |       |       |     1 |       ||     1
       Beef jerky        |       |       |     1 |       ||     1
       Fruit             |       |       |     3 |    10 ||    13
       Royal jelly       |       |       |     1 |     1 ||     2
       Pizza             |       |       |     1 |       ||     1
Armor: Robe              |    15 |     1 |    13 |     3 ||    32
       Troll leather arm |       |       |       |    58 ||    58
Dodge: Dodged            |    67 |    11 |    71 |   129 ||   278
       Deflected         |       |     2 |     6 |     2 ||    10
Block: Other             |       |       |       |     3 ||     3
       Rpst.: Falchion   |       |       |     4 |       ||     4
       Scimitar          |       |       |     9 |    32 ||    41
